cohdb
Replays
Latest Replays
All Replays
Popular Replays
Top Player Replays
Match Explorer
How It Works
Community
CoH3 Stats
Reddit
Sign in to upload your games and track your stats! →
Sign in with Steam
Match 39657307
Unlisted
Match 39657307
Overview
Messages
Build Orders
End
Construct Infanterie Kompanie
Selects Italian Coastal Battlegroup
Selects Coastal Reserves
Coastal Reserve
GrW 34 Mortar Team
Coastal Reserve
Coastal Reserve
Medical Bunker
Construct Luftwaffe Kompanie
MG 42 Bunker
Jäger Squad
Selects Support Bunkers
Support Elements
MG 42 Bunker
Wirbelwind Flakpanzer
Marder III M Tank Destroyer
Selects Rapid Fortifications
Selects Bulwark
Rapid Fortifications
MG 42 Bunker
Construct Panzer Kompanie
Rapid Fortifications
MG 42 Bunker
Panzer IV Medium Tank
Selects Artillery Officer
Selects Coastal Wall
Rapid Fortifications
KoalaImpala
Tanith's Finest
Rawhri
Neikan
0
0
Comments
sign in to comment!
No comments posted yet!